AoeStats
← sonimog

Fortress

509894569Analyzed
4v4 RM · 3d ago on Sep 28, 2026· 36m 57s· 8 players
Game mode
Random Map
Map size
Huge
Population
200
Speed
Normal
Resources
Standard
Victory
Conquest
Starting age
Dark Age
Ending age
Imperial Age
RankedLock teamsTeams togetherTeam positionsShared explorationLock speedFull tech treeHidden civsTurbo modeCheats
Victory
Defeat
🇨🇱 Franks · Chile
647
+7
🇹🇷 Turks · Türkiye
641
+8
🇸🇪 Chinese · Sweden
639
+8
🇲🇽 Teutons · Mexico
358
+17
🇪🇬 Britons · Egypt
497
-13
🇦🇷 Slavs · Argentina
418
-9
🇮🇹 Franks · Italy
415
-9
🇦🇷 Bulgarians · Argentina
398
-9
hallerpeter14
3:59 Loom
8:15 Feudal Age
9:03 Double-Bit Axe
15:57 Castle Age
17:09 Bow Saw
18:29 Arson
23:33 Imperial Age
25:31 Wheelbarrow
24:25 Cavalier
samko.keta
2:16 Loom
7:30 Feudal Age
9:02 Double-Bit Axe
9:39 Gold Mining
15:28 Castle Age
17:40 Bow Saw
19:13 Gold Shaft Mining
21:00 Fletching
21:11 Padded Archer Armor
21:36 Horse Collar
23:15 Bodkin Arrow
23:53 Treadmill Crane
24:25 Masonry
24:39 Ballistics
25:33 Heavy Plow
27:48 Town Watch
27:53 Town Watch
28:03 Town Watch
32:24 Imperial Age
30:43 Murder Holes
31:04 Fortified Wall
33:54 Conscription
34:09 Bracer
34:26 Leather Archer Armor
35:28 Chemistry
35:00 Architecture
34:36 Siege Engineers
COBY
0:30 Loom
7:28 Feudal Age
8:54 Wheelbarrow
8:05 Town Watch
9:00 Double-Bit Axe
18:35 Castle Age
17:57 Stone Mining
18:03 Gold Mining
19:45 Hand Cart
19:50 Bow Saw
26:11 Imperial Age
25:39 Murder Holes
26:25 Forging
26:16 Scale Mail Armor
26:29 Scale Barding Armor
26:32 Horse Collar
27:53 Ballistics
28:28 Chain Mail Armor
28:49 Iron Casting
28:05 Fletching
29:39 Heavy Plow
29:38 Gambesons
29:54 Squires
29:14 Pikeman
29:40 Arson
30:30 Plate Mail Armor
30:01 Padded Archer Armor
31:32 Conscription
32:47 Capped Ram
37:25 Chemistry
36:39 Bodkin Arrow
sonimog
2:35 Loom
12:33 Feudal Age
13:49 Wheelbarrow
12:58 Horse Collar
13:11 Gold Mining
13:11 Stone Mining
13:21 Double-Bit Axe
15:56 Stone Mining
17:23 Man-at-Arms
22:33 Castle Age
22:27 Forging
22:18 Scale Mail Armor
22:26 Scale Barding Armor
22:15 Fletching
24:00 Detinets
24:17 Hand Cart
24:20 Bow Saw
26:01 Heavy Plow
28:38 Iron Casting
28:18 Chain Mail Armor
28:23 Chain Barding Armor
28:00 Bodkin Arrow
28:06 Padded Archer Armor
27:28 Long Swordsman
29:49 Fortified Wall
29:50 Masonry
30:00 Crossbowman
35:37 Imperial Age
Mapuche Mayer
7:35 Feudal Age
11:22 Castle Age
9:13 Double-Bit Axe
13:45 Bow Saw
14:39 Wheelbarrow
20:40 Town Watch
20:40 Loom
22:32 Gold Mining
22:32 Stone Mining
22:59 Arson
23:14 Squires
24:09 Hand Cart
25:32 Gold Shaft Mining
25:01 Caravan
25:31 Coinage
29:04 Imperial Age
26:59 Forging
27:35 Pikeman
28:24 Scale Barding Armor
28:20 Scale Mail Armor
28:55 Iron Casting
28:33 Husbandry
28:48 Town Patrol
28:45 Man-at-Arms
29:11 Gambesons
30:48 Chemistry
30:09 Ballistics
29:18 Cavalier
29:31 Capped Ram
29:50 Long Swordsman
30:34 Two-Handed Swordsman
30:34 Halberdier
32:51 Blast Furnace
32:12 Chain Barding Armor
32:08 Chain Mail Armor
31:32 Champion
33:28 Siege Engineers
36:51 Conscription
36:33 Chivalry
37:09 Hoardings
Stephani Gotica
5:07 Loom
7:30 Feudal Age
11:17 Castle Age
9:59 Double-Bit Axe
10:22 Horse Collar
17:20 Wheelbarrow
17:33 Gold Mining
18:12 Stone Mining
19:35 Stone Shaft Mining
19:23 Bow Saw
19:50 Heavy Plow
20:43 Stone Shaft Mining
20:52 Hand Cart
21:24 Town Watch
24:55 Imperial Age
23:31 Forging
23:22 Scale Mail Armor
23:41 Fletching
23:39 Gambesons
23:56 Squires
23:43 Arson
25:34 Ballistics
25:53 Iron Casting
25:34 Chain Mail Armor
25:46 Ironclad
25:05 Capped Ram
27:44 Two-Man Saw
27:23 Crop Rotation
28:39 Blast Furnace
28:10 Plate Mail Armor
28:04 Conscription
28:37 Plate Mail Armor
28:32 Elite Teutonic Knight
Dmitry Petrovich
17:58 Feudal Age
16:14 Loom
18:04 Feudal Age
20:16 Stone Mining
20:13 Double-Bit Axe
20:21 Gold Mining
20:15 Horse Collar
21:18 Fletching
21:29 Padded Archer Armor
21:39 Forging
21:30 Scale Mail Armor
21:35 Scale Barding Armor
25:05 Castle Age
28:30 Bodkin Arrow
28:51 Leather Archer Armor
28:48 Caravan
29:19 Coinage
29:55 Bow Saw
30:22 Gold Shaft Mining
29:50 Heavy Plow
30:00 Murder Holes
30:15 Masonry
29:46 Treadmill Crane
30:36 Ballistics
31:23 Wheelbarrow
30:34 Town Watch
34:33 Imperial Age
33:15 Fortified Wall
33:40 Guard Tower
34:30 Hand Cart
34:28 Town Patrol
36:01 Architecture
36:26 Elite Janissary
37:23 Bracer
Lunkan
9:22 Feudal Age
9:56 Double-Bit Axe
9:54 Horse Collar
15:56 Castle Age
16:56 Bow Saw
16:51 Heavy Plow
19:58 Fervor
21:35 Wheelbarrow
20:46 Town Watch
23:05 Fletching
23:16 Padded Archer Armor
30:03 Imperial Age
30:00 Bodkin Arrow
30:20 Leather Archer Armor
31:22 Elite Chu Ko Nu
32:24 Conscription
32:38 Caravan
36:04 Chemistry
36:06 Ballistics
Connection lost

Rejoining the realm…

Still unreachable

The connection could not be restored.

Session expired

The server has moved on; the page needs a fresh start.